 Dungeon Crawl Stone Soup version 0.30.1-11-g7821555f0a (webtiles) character file.

Game seed: 7951527893180745861

147 Ijustatesigmund the Magician (level 5, 0/30 HPs)
             Began as a Deep Elf Earth Elementalist on Dec 5, 2023.
             Slain by a goblin
             ... wielding a +0 club
             ... led by Robin
              (4 damage)
             ... on level 3 of the Dungeon.
             The game lasted 00:05:29 (2638 turns).

Ijustatesigmund the Magician (DEEE)                 Turns: 2638, Time: 00:05:30

Health: 0/30       AC:  3    Str:  5    XL:     5   Next: 7%
Magic:  12/13      EV: 12    Int: 22    God:
Gold:   167        SH:  0    Dex: 15    Spells: 8/12 levels left

rFire   . . .        q - +3 trident
rCold   . . .        (no shield)
rNeg    . . .        a - +0 robe
rPois   .            p - +0 helmet
rElec   .            (no cloak)
rCorr   .            (no gloves)
SInv    .            (no boots)
Will    .....        (no amulet)
Stlth   ++           (no ring)
HPRegen 0.25/turn    (no ring)
MPRegen 0.13/turn

%: no passive effects
@: attractive
A: no striking features
a: no special abilities


You were on level 3 of the Dungeon.
You visited 1 branch of the dungeon, and saw 3 of its levels.

You collected 167 gold pieces.

Inventory:

Hand Weapons
 q - a +3 trident (weapon)
Armour
 a - a +0 robe (worn)
 p - a +0 helmet (worn)
Magical Staves
 d - a staff of fire
Scrolls
 c - a scroll of torment {unknown}
 e - 2 scrolls of identify {unknown}
 k - a scroll of poison {unknown}
 l - a scroll of teleportation
 n - 2 scrolls of enchant weapon
 s - a scroll of summoning {unknown}
Potions
 b - a potion of magic
 f - a potion of lignification {unknown}
 g - a potion of flight {unknown}
 h - a potion of attraction
 i - a potion of curing
 j - a potion of haste {unknown}
 m - 2 potions of mutation {unknown}
 o - 3 potions of might {unknown}
 r - a potion of berserk rage {unknown}


   Skills:
 + Level 1.7 Fighting
 - Level 2.4 Dodging
 - Level 2.4 Stealth
 - Level 4.3 Spellcasting
 + Level 2.4 Conjurations
 - Level 1.1 Transmutations
 - Level 4.2 Earth Magic


You had 8 spell levels left.
You knew the following spells:

 Your Spells              Type           Power      Damage    Failure   Level
a - Sandblast             Erth           46%        2d11      1%          1
b - Stone Arrow           Conj/Erth      38%        3d9       9%          3

Your spell library contained the following spells:

 Spells                   Type           Power      Damage    Failure   Level
 Passwall                 Tmut/Erth      13%        N/A       5%          2
 Momentum Strike          Conj/Tloc      20%        3d8       10%         2
 Blink                    Tloc           8%         N/A       16%         2
 Lesser Beckoning         Tloc           8%         N/A       16%         2
 Petrify                  Tmut/Erth      16%        N/A       34%         4


Dungeon Overview and Level Annotations

Branches:
Dungeon (3/15)

Altars:

Annotations:
D:3 Grinder, Robin


Message History

The goblins go into a battle-frenzy!
You puncture the goblin!
You kill the goblin!
The hobgoblin hits you. Robin throws the goblin at you!
You barely miss the goblin.
The hobgoblin no longer looks unusually strong.
The hobgoblin closely misses you.
Robin roars a battlecry!
The hobgoblin goes into a battle-frenzy!
The goblin misses you.
You hear a shout!
You barely miss the goblin.
You hear a shout!
The hobgoblin barely misses you. The goblin barely misses you.
A hobgoblin comes into view.
The goblin hits you with a +0 club. The hobgoblin misses you.
Robin says, "My goblins will feast on your bones."
Robin closely misses you.
You hit the goblin.
You kill the goblin!
The hobgoblin closely misses you. Robin throws the goblin at you!
The goblin hits you with a +0 club.
* * * LOW HITPOINT WARNING * * *
You barely miss the goblin. The hobgoblin barely misses you.
The goblin hits you with a +0 club.
* * * LOW HITPOINT WARNING * * *
Robin's horned helmet rattles.
Robin barely misses you.
Unknown command.
It was a potion of attraction.
You feel attractive to monsters. The goblin closely misses you.
The hobgoblin hits you but does no damage.
Robin hits you from afar with a +0 spear.
* * * LOW HITPOINT WARNING * * *
It was a potion of curing.
You feel better.
Robin hits you from afar with a +0 spear.
* * * LOW HITPOINT WARNING * * *
The hobgoblin barely misses you. The goblin hits you with a +0 club.
You die...

############
#..g@gggg..#####
#.######.).....#
#.# #.#####)#
#.# #.#
#######.# #g#
#.......# ..g
#.#######


gg. #.# ggg #.# g.... You could see Robin, 2 hobgoblins and 2 goblins.

Vanquished Creatures
  An iguana (D:3)
  Terence (D:3)
  A gnoll (D:2)
  2 adders (D:3)
  A worm (D:2)
  3 dart slugs (D:2)
  An orc (D:3)
  4 ball pythons
  3 bats
  5 endoplasms
  2 giant cockroaches
  12 goblins
  4 hobgoblins
  3 jackals (D:3)
  A quokka (D:1)
  2 frilled lizards
  4 kobolds
  6 rats
56 creatures vanquished.

Notes
Turn   | Place    | Note
-------+----------+-------------------------------------------
     0 | D:1      | Ijustatesigmund the Deep Elf Earth Elementalist began the
                  | quest for the Orb.
     0 | D:1      | Reached XP level 1. HP: 10/10 MP: 6/6
   236 | D:1      | Reached XP level 2. HP: 15/15 MP: 6/8
   632 | D:2      | Found a faded altar of an unknown god.
   864 | D:2      | Reached XP level 3. HP: 19/19 MP: 7/10
   908 | D:2      | Identified the +4 sling "Guykug" {antimagic, rF+}
  1027 | D:2      | Learned a level 3 spell: Stone Arrow
  1457 | D:3      | Noticed Terence
  1461 | D:3      | Killed Terence
  1462 | D:3      | Reached skill level 1 in Conjurations
  1462 | D:3      | Reached XP level 4. HP: 24/24 MP: 8/12
  1617 | D:3      | Noticed Grinder
  2144 | D:3      | Reached skill level 1 in Fighting
  2465 | D:3      | Reached XP level 5. HP: 19/30 MP: 9/13
  2616 | D:3      | Noticed Robin
  2638 | D:3      | Slain by a goblin

Illustrated notes

Levels and vault maps discovered:
D:1:      nagdon_arrival_double_spiral, layout_rooms, minmay_crystal_room,
          skrybe_limestone_x
D:2:      minmay_inner_zag, layout_loops_ring,
          dreamdust_ecumenical_altar_statues
D:3:      minmay_spotlight, layout_loops_ring, uniq_grinder, uniq_robin,
          uniq_terence

Skill      XL: |  1  2  3  4 |
---------------+-------------+-----
Spellcasting   | 4 |  4.3
Earth Magic    | 4 |  4.2
Conjurations   | 1 2 |  2.4
Fighting       | 1 |  1.7
Dodging        | |  2.4
Stealth        | |  2.4
Transmutations | |  1.1

Action                     |  1- 3 |  4- 6 || total
---------------------------+-------+-------++-------
  Melee: Trident           |       |    21 ||    21
   Cast: Sandblast         |    38 |    29 ||    67
    Use: Scroll            |     1 |     2 ||     3
         Potion            |       |     2 ||     2
 Armour: Robe              |       |    10 ||    10
  Dodge: Dodged            |     4 |    27 ||    31
